Get step-by-step instructions on how to execute this build order below. Start the game timer, and the build order will tick by so you can play in parallel with StarCraft on a second screen or mobile device.

Game Time

  0:00

Last Step

  N/A

Next Step

Upcoming Step



Don't want to look back and forth between 2 screens? Try out our Overwolf App, the Spawning Tool Build Advisor to get an in-game overlay with this build!

Complete Build Order

  8  0:00  Drone  
  9  0:10  Drone  
  10  0:16  Drone  
  11  0:27  Overlord  
  11  0:36  Drone  
  12  0:45  Drone  
  12  0:46  Drone  
  14  0:51  Drone  
  15  1:11  Hatchery  
  14  1:15  Drone  
  15  1:18  Drone  
  15  1:22  Drone  
  17  1:36  Spawning Pool  
  17  1:40  Drone  
  17  1:43  Extractor  
  17  1:45  Drone  
  17  1:52  Drone  
  18  2:01  Drone  
  19  2:10  Overlord  
  19  2:23  Queen x2  
  19  2:24  Zergling x2  
  24  2:30  Zergling x2  
  24  2:32  Drone  
  24  2:34  Drone  
  27  2:41  Drone  
  27  2:43  Drone  
  29  2:52  Metabolic Boost  
  29  2:54  Overlord  
  28  3:03  Drone x3  
  31  3:17  Overlord  
  31  3:19  Drone  
  32  3:20  Drone  
  33  3:28  Drone  
  33  3:30  Hatchery  
  33  3:33  Drone x2  
  35  3:34  Drone x2  
  35  3:38  Drone  
  38  3:44  Drone x2, Evolution Chamber  
  39  3:52  Overlord  
  39  3:54  Queen  
  41  3:57  Zergling x2  
  42  4:04  Queen  
  42  4:06  Overlord  
  42  4:08  Drone  
  45  4:11  Zerg Ground Armor Level 1  
  45  4:14  Zergling x2  
  46  4:18  Drone x3  
  46  4:22  Drone  
  50  4:27  Zergling x2  
  51  4:32  Queen  
  51  4:36  Zergling x2  
  54  4:41  Overlord, Queen  
  54  4:44  Drone x4  
  54  4:45  Drone  
  61  4:48  Drone  
  61  4:49  Drone  
  63  4:54  Zergling x4  
  65  5:01  Drone x2, Spore Crawler  
  65  5:02  Spore Crawler  
  66  5:07  Drone x5  
  66  5:11  Lair  
  70  5:14  Zergling x2  
  70  5:15  Overlord  
  70  5:20  Baneling Nest  
  70  5:22  Drone x3  
  73  5:29  Spore Crawler, Extractor, Drone  
  73  5:31  Extractor, Zergling x8  
  75  5:40  Zergling x14  
  82  5:45  Zergling x4  
  84  5:54  Overlord  
  84  5:55  Overlord x2  
  82  6:17  Drone x2  
  82  6:20  Drone x3, Zerg Ground Armor Level 2, Infestation Pit  
  82  6:21  Extractor  
  82  6:24  Evolution Chamber, Drone x3  
  85  6:27  Drone  
  85  6:30  Drone x3  
  89  6:33  Centrifugal Hooks  
  89  6:34  Zergling x14  
  89  6:39  Zergling x2  
  97  6:40  Hatchery  
  96  6:47  Extractor  
  96  6:49  Extractor, Drone x3  
  97  6:58  Drone x3  
  97  7:01  Overlord  
  98  7:04  Drone, Overlord x3  
  98  7:05  Overlord  
  98  7:07  Hive, Hatchery  
  98  7:16  Drone  
  98  7:20  Drone  
  98  7:21  Zergling x10  
  105  7:25  Zergling x8  
  105  7:28  Baneling x2  
  109  7:34  Zergling x8  
  109  7:37  Zergling x10  
  114  7:39  Baneling x2  
  118  7:54  Zerg Melee Weapons Level 1  
  118  7:57  Drone x9  
  127  8:02  Overlord  
  127  8:06  Zergling x12  
  133  8:15  Baneling x9  
  133  8:16  Baneling x6  
  133  8:17  Zergling x8  
  133  8:18  Zergling x4  
  139  8:24  Zergling x2  
  139  8:25  Zergling x10  
  135  8:34  Adrenal Glands  
  135  8:35  Zergling x12, Ultralisk Cavern  
  135  8:41  Zergling x10  
  142  8:42  Zerg Ground Armor Level 3  
  142  8:47  Overseer  
  145  8:50  Baneling x6  
  143  9:01  Baneling  
  143  9:02  Baneling x6  
  102  9:13  Zergling x28  
  102  9:14  Zergling x12  
  111  9:20  Extractor  
  111  9:22  Drone x3  
  111  9:24  Chitinous Plating  
  112  9:25  Ultralisk x2  
  112  9:31  Ultralisk  
  130  9:35  Drone x7  
  137  9:46  Baneling x2  
  137  9:53  Ultralisk  
  137  9:54  Overlord x4  
  137  9:57  Overlord  
  142  10:03  Drone x4  
  145  10:07  Extractor, Drone x3  
  145  10:10  Overlord  
  145  10:11  Zerg Melee Weapons Level 2  
  147  10:17  Ultralisk x2  
  159  10:23  Baneling x2  
  159  10:26  Zergling x12  
  159  10:28  Ultralisk  
  171  10:30  Overlord, Zergling x2  
  171  10:31  Zergling x12  
  176  10:42  Zergling x26  
  169  10:50  Spire  
  158  11:11  Extractor  
  158  11:14  Drone x4  
  158  11:18  Overlord x3  
  161  11:19  Hatchery  
  160  11:28  Pneumatized Carapace  
  160  11:29  Overseer  
  160  11:32  Infestor x5  
  169  11:44  Burrow  
  168  12:02  Anabolic Synthesis  
  162  12:10  Corruptor x10  
  173  12:31  Drone x6  
  173  12:34  Extractor  
  178  12:45  Hatchery  
  178  12:46  Hatchery, Drone x3  
  178  12:49  Hatchery  
  178  12:53  Zergling x2  
  178  12:54  Zergling x36  
  197  13:00  Overseer x3  
  197  13:02  Zerg Melee Weapons Level 3  
  197  13:04  Zerg Flyer Weapons Level 1  
  197  13:06  Baneling x2  
  197  13:11  Baneling x4  
  197  13:45  Baneling x3  
  197  13:46  Baneling x7  
  148  13:56  Zergling x22  
  148  13:57  Zergling x14  
  148  13:58  Corruptor x5  
  148  14:01  Drone x7  
  181  14:23  Baneling x8  
  181  14:27  Spore Crawler  
  181  14:30  Overseer  
  179  14:31  Overseer  
  179  14:32  Overseer  
  179  14:33  Overseer, Overlord x3  
  179  14:35  Zergling x40  
  198  15:03  Zergling x6, Hatchery  
  198  15:05  Baneling  
  198  15:06  Baneling x7  
  138  15:22  Zergling x30  
  138  15:23  Zergling x50  
  178  15:34  Drone x5  
  181  15:59  Baneling x13  
  181  16:00  Zergling x36  
  199  16:17  Baneling x13  
  196  16:35  Greater Spire  
  196  16:56  Spore Crawler  
  196  16:59  Spore Crawler  
  194  17:04  Baneling x3  
  194  17:13  Hatchery  
  193  17:15  Hatchery  
  193  17:17  Overseer  
  192  17:23  Zergling x14  
  169  17:56  Zergling x4  
  169  17:57  Zergling x56  
  169  17:58  Zergling x2  
  162  18:09  Zergling x6  
  162  18:10  Zergling x44  
  166  18:16  Baneling x7  
  166  18:17  Baneling x3  
  166  18:18  Infestor x5  
  174  18:25  Extractor  
  172  18:34  Corruptor x3  
  172  18:35  Overlord x2, Extractor  
  172  18:37  Brood Lord x9  
  195  18:50  Baneling x15  
  195  18:51  Baneling x4  
  195  18:58  Overseer x4  
  195  18:59  Zerg Flyer Weapons Level 2  
  195  19:15  Corruptor x2  
  199  19:20  Spore Crawler  
  199  19:21  Spore Crawler  
  188  19:39  Baneling x7  
  188  19:41  Brood Lord  
  188  19:42  Brood Lord x3  
  166  20:09  Baneling  
  166  20:10  Baneling x4  
  128  20:24  Zergling x2  
  128  20:25  Zergling x20  
  136  20:28  Zergling x2  
  136  20:29  Zergling x26, Corruptor  
  136  20:30  Corruptor x8  
  168  20:38  Infestor x4  
  175  20:53  Hatchery  
  137  21:24  Brood Lord  
  137  21:25  Brood Lord x8  
  145  21:28  Corruptor x9  
  145  21:32  Baneling x5  
  144  22:06  Extractor